 Dungeon Crawl Stone Soup version 0.19.4-8-ga85b6b9 (webtiles) character file.

95 graki42 the Firebug (level 4, 0/24 HPs)
             Began as a Deep Elf Fire Elementalist on Feb 15, 2017.
             Slain by a jackal (2 damage)
             ... on level 2 of the Dungeon.
             The game lasted 00:05:47 (1699 turns).

graki42 the Firebug (Deep Elf Fire Elementalist)    Turns: 1699, Time: 00:05:47

Health: 0/24       AC:  2    Str:  6    XL:     4   Next: 40%
Magic:  1/12       EV: 13    Int: 20    God:
Gold:   92         SH:  0    Dex: 15    Spells: 3 memorised, 4 levels left

rFire  . . .     SeeInvis .     (no weapon)
rCold  . . .     Gourm    .     a - +0 robe
rNeg   . . .     Faith    .     (no shield)
rPois  .         Spirit   .     (no helmet)
rElec  .         Reflect  .     (no cloak)
rCorr  .         Harm     .     (no gloves)
MR     .....                    (no boots)
Stlth  ++........               (no amulet)
                                (no ring)
                                (no ring)

@: no status effects
A: no striking features
a: no special abilities


You were on level 2 of the Dungeon.
You were not hungry.

You visited 1 branch of the dungeon, and saw 3 of its levels.

You collected 92 gold pieces.

Inventory:

Armour
 a - a +0 robe (worn)
Scrolls
 d - 3 scrolls of remove curse
 e - 2 scrolls of identify
Books
 b - a book of Flames

   Spells                             Type                      Level
   a - Flame Tongue                   Conjuration/Fire             1
   b - Throw Flame                    Conjuration/Fire             2
   c - Conjure Flame                  Conjuration/Fire             3
   d - Inner Flame                    Hexes/Fire                   3
   e - Sticky Flame                   Conjuration/Fire             4
   f - Fireball                       Conjuration/Fire             5
Comestibles
 c - 2 bread rations
 f - a fruit


   Skills:
 + Level 2.8 Dodging
 - Level 2.4 Stealth
 + Level 4.2 Spellcasting
 + Level 1.9 Conjurations
 + Level 4.6 Fire Magic


You had 4 spell levels left.
You knew the following spells:

 Your Spells              Type           Power        Failure   Level  Hunger
a - Flame Tongue          Conj/Fire      ###..        3%          1    None
b - Conjure Flame         Conj/Fire      ###.....     12%         3    ###....
c - Inner Flame           Hex/Fire       ##......     17%         3    ###....


Dungeon Overview and Level Annotations

Branches:
Dungeon (3/15)

Altars:
Okawaru
The Shining One


Message History

Press: ? - help, Shift-Dir - straight line, f/p - jackal
Aim: a jackal The flame tongue hits the jackal.
The jackal is moderately wounded.
The jackal misses you.
The jackal stops to sniff the ground.
The jackal bites you.
* * * LOW HITPOINT WARNING * * *
The jackal misses you. The jackal misses you.
Casting: Flame Tongue
Confirm with . or Enter, or press ? or * to list all spells.
Aiming: Flame Tongue
Press: ? - help, Shift-Dir - straight line, f/p - jackal
Aim: a jackal (moderately wounded)
The flame tongue misses the jackal.
The jackal closely misses you. The jackal barely misses you.
The jackal closely misses you. The jackal bites you.
You die...

### #.#########
##########.#........
#..........#.#######
###.######.#........
#.# #.#........ #.#
#.#...##... #h#
#.#...##... #@#
#.#...##... #.#
#.#....'... #.#
#.#..###...
#.######>.........
#.............#.##
########.##.#.#.#.
#...........#.#.#.
#.######..........
#.########.<#.#..)


You could see a jackal.

Vanquished Creatures
  Ijyb (D:2)
  2 adders (D:2)
  An ooze (D:1)
  A worm (D:2)
  2 dart slugs
  A leopard gecko (D:2)
  3 ball pythons (D:1)
  3 giant cockroaches
  2 goblins (D:1)
  6 hobgoblins
  3 jackals
  3 kobolds
  5 bats
  4 frilled lizards
  5 rats
42 creatures vanquished.

Notes
Turn   | Place    | Note
-------+----------+-------------------------------------------
     0 | D:1      | graki42 the Deep Elf Fire Elementalist began the quest for the Orb.
     0 | D:1      | Reached XP level 1. HP: 10/10 MP: 6/6
   147 | D:1      | Found a glowing golden altar of the Shining One.
   311 | D:1      | Reached XP level 2. HP: 15/15 MP: 4/8
   651 | D:2      | Reached XP level 3. HP: 19/19 MP: 7/10
   833 | D:2      | Noticed Ijyb
   875 | D:2      | Killed Ijyb
   875 | D:2      | Reached XP level 4. HP: 6/24 MP: 1/12
  1300 | D:2      | Learned a level 3 spell: Conjure Flame
  1304 | D:2      | Learned a level 3 spell: Inner Flame
  1629 | D:3      | Found an iron altar of Okawaru.
  1685 | D:2      | HP: 1/24 [jackal (2)]
  1699 | D:2      | Slain by a jackal

Skill      XL: |  1  2  3 |
---------------+----------+-----
Fire Magic     | 4 |  4.6
Spellcasting   | 4 |  4.2
Dodging        | |  2.8
Stealth        | |  2.4
Conjurations   | |  1.9

Action                   |  1- 3 |  4- 6 || total
-------------------------+-------+-------++-------
Melee: Unarmed           |     2 |       ||     2
 Cast: Flame Tongue      |    67 |    35 ||   102
  Use: Scroll            |     2 |       ||     2
       Potion            |     2 |       ||     2
  Eat: Chunk             |       |     2 ||     2
Armor: Robe              |     6 |    10 ||    16
Dodge: Dodged            |    22 |    32 ||    54
